 Dungeon Crawl Stone Soup version 0.19.0-2-gae57169 (webtiles) character file.

415 Chiseanne the Charlatan (level 6, 0/42 HPs)
             Began as a High Elf Artificer on Nov 5, 2016.
             Slain by an ogre
             ... wielding a +0 giant club
              (14 damage)
             ... on level 3 of the Dungeon.
             The game lasted 00:11:04 (3564 turns).

Chiseanne the Charlatan (High Elf Artificer)        Turns: 3564, Time: 00:11:05

Health: 0/42       AC:  5    Str: 13    XL:     6   Next: 60%
Magic:  10/10      EV: 13    Int: 14    God:
Gold:   107        SH:  0    Dex: 17    Spells: 0 memorised, 5 levels left

rFire  . . .     SeeInvis .     a - +0 rapier
rCold  . . .     Gourm    .     q - +0 ring mail
rNeg   . . .     Faith    .     (no shield)
rPois  +         Spirit   .     (no helmet)
rElec  .         Reflect  .     (no cloak)
rCorr  .         Harm     .     (no gloves)
MR     .....                    (no boots)
Stlth  +.........               (no amulet)
                                (no ring)
                                o - ring of poison resistance

@: no status effects
A: no striking features
a: no special abilities


You were on level 3 of the Dungeon.
You were not hungry.

You visited 1 branch of the dungeon, and saw 3 of its levels.

You collected 107 gold pieces.

Inventory:

Hand Weapons
 a - a +0 rapier (weapon)
 A - a +0 blowgun
Missiles
 g - 63 stones (quivered)
 h - 24 poisoned needles
 n - 8 arrows
Armour
 q - a +0 ring mail (worn)
 s - a +1 robe of the Archmagi
Jewellery
 o - a ring of poison resistance (left hand)
Wands
 c - a wand of flame (12/48)
 d - a wand of enslavement (5/24)
 e - a wand of random effects (18/48)
Scrolls
 l - a scroll of amnesia
 m - 2 scrolls of remove curse
 p - 3 scrolls of magic mapping
 u - a scroll of enchant weapon {unknown}
 B - a scroll of enchant armour {unknown}
Potions
 b - a potion of degeneration {unknown}
 i - 2 potions of lignification
 j - a potion of might
 k - a potion of haste {unknown}
 t - a potion of curing {unknown}
 v - a potion of flight {unknown}
 w - a potion of brilliance {unknown}
 x - a potion of magic {unknown}
Books
 y - a book of the Earth

   Spells                             Type                      Level
   a - Leda's Liquefaction            Hexes/Earth                  4
   b - Bolt of Magma                  Conjuration/Fire/Earth       5
   c - Statue Form                    Transmutation/Earth          6
   d - Iron Shot                      Conjuration/Earth            6
   e - Shatter                        Earth                        9
Comestibles
 f - 2 bread rations
 r - a meat ration
 z - 3 chunks of flesh


   Skills:
 * Level 3.3 Fighting
 - Level 1.2 Short Blades
 * Level 2.6 Armour
 * Level 4.4 Dodging
 - Level 1.1 Stealth
 * Level 4.6 Evocations


You had 5 spell levels left.
You didn't know any spells.

Dungeon Overview and Level Annotations

Branches:
Dungeon (3/15)

Altars:
Sif Muna
Vehumet


Message History

Deactivating autopickup; reactivate with Ctrl-A.
This wand has 21 charges left.
Something hits you.
Evoke which item? (* to show all) (? for menu, Esc to quit)
Zapping:
e - a wand of random effects (21/48)
Press: ? - help, Shift-Dir - straight line Nothing appears to happen.
This wand has 20 charges left.
Something hits you!!
Evoke which item? (* to show all) (? for menu, Esc to quit)
Zapping:
e - a wand of random effects (20/48)
Press: ? - help, Shift-Dir - straight line Nothing appears to happen.
This wand has 19 charges left.
Evoke which item? (* to show all) (? for menu, Esc to quit)
Zapping:
e - a wand of random effects (19/48)
Press: ? - help, Shift-Dir - straight line Nothing appears to happen.
This wand has 18 charges left.
Something hits you.
Evoke which item? (* to show all) (? for menu, Esc to quit)
Zapping:
c - a wand of flame (13/48)
Press: ? - help, Shift-Dir - straight line The puff of flame hits something.
This wand has 12 charges left.
Something hits you!
You die...

#. ## ### #. ...
..# #. ... #.#.# #.
#.# #.#.#
#.######.## #.#.#
#.#..{@...# #.#.#
##.#.####..# #.#.#
+....>.....# #.#.#
##.#.......# #.#.#
#.#.....#.#####.#.#
#.#.#.....).....#)#
#.#.#......)......#
#.#.#.......#.#.###
#.#.#.#...#.#.#.#


There were no monsters in sight!

Vanquished Creatures
  Sigmund (D:2)
  The ghost of UnlimitedFusion the Chopper, an amateur DsGl (D:3)
  Natasha (twice) (D:2)
  2 adders
  A worm (D:2)
  3 dart slugs
  2 leopard geckos
  A giant cockroach (D:1)
  8 goblins
  11 hobgoblins
  2 jackals (D:1)
  A quokka (D:3)
  5 bats
  4 frilled lizards (D:1)
  7 kobolds
  9 rats (D:1)
60 creatures vanquished.

Vanquished Creatures (collateral kills)
  An adder (D:2)
  2 worms (D:2)
  A leopard gecko (D:3)
  A bat (D:3)
  A giant cockroach (D:3)
  4 goblins
  2 kobolds (D:2)
  4 rats
16 creatures vanquished.

Grand Total: 76 creatures vanquished

Notes
Turn   | Place    | Note
-------+----------+-------------------------------------------
     0 | D:1      | Chiseanne the High Elf Artificer began the quest for the Orb.
     0 | D:1      | Reached XP level 1. HP: 13/13 MP: 4/4
   320 | D:1      | Reached XP level 2. HP: 16/18 MP: 5/5
  1141 | D:1      | Reached XP level 3. HP: 17/24 MP: 6/6
  1964 | D:2      | Noticed Natasha
  2016 | D:2      | Noticed Sigmund
  2023 | D:2      | Killed Sigmund
  2023 | D:2      | Reached skill level 1 in Armour
  2023 | D:2      | Reached XP level 4. HP: 23/30 MP: 6/8
  2023 | D:2      | Reached XP level 5. HP: 26/35 MP: 6/9
  2243 | D:2      | Killed Natasha
  2425 | D:2      | Noticed Natasha
  2716 | D:2      | Killed Natasha
  2843 | D:3      | Reached XP level 6. HP: 23/41 MP: 10/10
  2989 | D:3      | Found a deep blue altar of Sif Muna.
  3246 | D:3      | Noticed UnlimitedFusion's ghost (amateur DsGl)
  3301 | D:3      | Killed UnlimitedFusion's ghost
  3359 | D:3      | Found a radiant altar of Vehumet.
  3564 | D:3      | Slain by an ogre

Skill      XL: |  1  2  3  4  5  6 |
---------------+-------------------+-----
Dodging        | 3 4 |  4.4
Fighting       | 2 3 |  3.3
Armour         | 1 2 |  2.6
Evocations     | 4 |  4.6
Short Blades   | |  1.2
Stealth        | |  1.1

Action                   |  1- 3 |  4- 6 || total
-------------------------+-------+-------++-------
Melee: Short sword       |   170 |       ||   170
       Hand axe          |     9 |       ||     9
       Rapier            |       |    82 ||    82
Evoke: Wand              |     9 |    34 ||    43
  Use: Scroll            |     5 |     3 ||     8
 Stab: Confused          |       |     1 ||     1
  Eat: Chunk             |     3 |     6 ||     9
Armor: Leather armour    |    27 |       ||    27
       Ring mail         |    24 |    23 ||    47
Dodge: Dodged            |   133 |    49 ||   182
